 Dungeon Crawl Stone Soup version 0.19-a0-1047-g4b671ad (webtiles) character file.

2408 Musica the Covert (level 9, -17/41 HPs)
             Began as a Spriggan Assassin on July 31, 2016.
             Was a Priest of Okawaru.
             Shot with a sling bullet by Joseph (25 damage)
             ... on level 8 of the Dungeon.
             The game lasted 00:53:58 (7615 turns).

Musica the Covert (Spriggan Assassin)               Turns: 7615, Time: 00:53:58

Health: -17/41     AC:  3    Str:  7    XL:     9   Next: 23%
Magic:  10/10      EV: 17    Int: 12    God:    Okawaru [***...]
Gold:   480        SH:  0    Dex: 21    Spells: 0 memorised, 8 levels left

rFire  . . .     SeeInvis +     b - +4 blowgun
rCold  + . .     Gourm    .     c - +0 robe
rNeg   . . .     Faith    .     (shield restricted)
rPois  .         Spirit   .     (helmet restricted)
rElec  .         Dismiss  .     d - +0 cloak
rCorr  .         Reflect  .     (gloves unavailable)
SustAt .         Harm     .     (boots unavailable)
MR     +....                    (no amulet)
Stlth  ++++++....               (no ring)
                                j - +2 ring of slaying

@: very quick, somewhat resistant to hostile enchantments, very stealthy
A: unfitting armour, horns 2, see invisible, cold resistance 1, herbivore 3,
speed 3, slow metabolism 2
a: Heroism, Renounce Religion


You were on level 8 of the Dungeon.
You worshipped Okawaru.
Okawaru was most pleased with you.
You were hungry.

You visited 2 branches of the dungeon, and saw 9 of its levels.

You collected 480 gold pieces.

Inventory:

Hand Weapons
 a - a +2 dagger of venom
 b - a +4 blowgun (weapon)
 k - a +1 short sword of freezing
 s - a +2 dagger
 t - a +2 dagger of electrocution
 y - a +1 vampiric trident
 B - a +0 rapier
Missiles
 e - 20 poisoned needles (quivered)
 n - 15 sling bullets
 F - 3 tomahawks
Armour
 c - a +0 robe (worn)
 d - a +0 cloak (worn)
Magical Staves
 D - an uncursed staff of power
Jewellery
 j - a +2 ring of slaying (left hand)
 G - a cursed -2 ring of strength {unknown}
 H - an uncursed amulet of the gourmand {unknown}
Wands
 f - a wand of slowing (32/48)
 C - a wand of lightning (3/15)
Scrolls
 m - a scroll of magic mapping
 o - a scroll of blinking
 q - 2 scrolls of remove curse
 u - a scroll of recharging
 w - 4 scrolls of identify
 x - 2 scrolls of amnesia
Potions
 i - a potion of might
 l - a potion of haste
 r - a potion of agility
 E - a potion of magic
 I - a potion of brilliance
Comestibles
 g - 9 bread rations
 h - 4 fruits
 p - 2 royal jellies


   Skills:
 - Level 1.5 Fighting
 + Level 4.9 Short Blades
 - Level 8.9 Throwing
 - Level 1.5 Dodging
 - Level 13.1 Stealth


You had 8 spell levels left.
You didn't know any spells.

Dungeon Overview and Level Annotations

Branches:
Dungeon (8/15)             Temple (1/1) D:4
   Lair: D:8-11

Altars:
Ashenzari
Cheibriados
Dithmenos
Elyvilon
Fedhas
Gozag
Hepliaklqana
Kikubaaqudgha
Makhleb
Nemelex Xobeh
Okawaru
Pakellas
Qazlal
Ru
Sif Muna
Trog
Uskayaw
Vehumet
Xom
Zin
The Shining One

Annotations:
D:8 Joseph


Innate Abilities, Weirdness & Mutations

You are tiny and cannot use many weapons and most armour.
You have supernaturally acute eyesight. (SInv)
You are a herbivore.
You cover ground extremely quickly.
You need consume almost no food.
You have a pair of horns on your head.
Your flesh is cold resistant. (rC+)


Message History

You see here an arrow.
You are feeling hungry.
Okawaru accepts your kill.
You feel a bit more experienced.
e - 20 poisoned needles (gained 1)
Things that are here:
a shortbow; 9 arrows You see here 16 arrows.
e - 21 poisoned needles (gained 1)
You see here a giant club.
Joseph is too close now for your liking.
Firing (i - inventory. (,) - cycle):
e - 21 poisoned needles (quivered)
Press: ? - help, Shift-Dir - straight line, f - Joseph
Aim: Joseph, wielding a hunting sling and wearing a leather armour (hasn't noticed you)
You shoot a poisoned needle. The poisoned needle hits Joseph!
Joseph is poisoned.
Joseph shouts!
Joseph shoots a sling bullet.
The sling bullet hits you!!
Ouch! That really hurt!
You die...

####...##.# #..@.#....#
#.#.##...#..#
#........#..#
###.##...#..#
#.##..##..###
#.##..##..#.###
#(##.(.....#..# #######
#.##.@##.##.#.# #.....#
#.##..##.##.#.#
#.....#####.##..##.##.#.#
#(.(....(.......).....#.#
#.....###<####.###......#
#...(.# #[# #.# #..#####
###.### #.# #.# #..# #(#
#.# #(# #..# #(# #.#
#.###..######.


You could see Joseph.

Vanquished Creatures
  Grinder (D:6)
  A hippogriff (D:8)
  A human (D:8)
  An orc warrior (D:7)
  A sky beast (D:5)
  A phantom (D:7)
  An ice beast (D:7)
  A centaur (D:8)
  An ogre (D:8)
  A gnoll sergeant (D:5)
  3 giant frogs
  3 scorpions
  3 jellies
  A crimson imp (D:5)
  A hound (D:5)
  6 orc wizards
  2 orc priests
  Jessica (D:2)
  2 iguanas
  5 worker ants
  2 sheep (D:8)
  A hound zombie (D:6)
  4 gnolls (D:5)
  12 adders
  3 oozes
  A worm (D:5)
  2 dart slugs
  2 giant geckos
  29 orcs
  4 ball pythons
  8 giant cockroaches
  4 goblins
  5 hobgoblins
  30 jackals
  11 kobolds
  4 quokkas
  6 bats
  A giant gecko zombie (D:5)
  7 giant newts
  10 rats
183 creatures vanquished.

Notes
Turn   | Place    | Note
-------+----------+-------------------------------------------
     0 | D:1      | Musica the Spriggan Assassin began the quest for the Orb.
     0 | D:1      | Reached XP level 1. HP: 10/10 MP: 2/2
    36 | D:1      | Reached skill level 6 in Stealth
   116 | D:1      | Reached XP level 2. HP: 14/14 MP: 3/3
   388 | D:1      | Reached skill level 7 in Stealth
   388 | D:1      | Reached XP level 3. HP: 8/18 MP: 4/4
  1263 | D:2      | Reached XP level 4. HP: 22/22 MP: 5/5
  1591 | D:2      | Noticed Jessica
  1651 | D:2      | Killed Jessica
  1651 | D:2      | Reached skill level 8 in Stealth
  1887 | D:3      | Reached XP level 5. HP: 25/25 MP: 6/6
  1975 | D:4      | Found a staircase to the Ecumenical Temple.
  2022 | D:3      | Reached skill level 9 in Stealth
  2480 | D:5      | Entered Level 5 of the Dungeon
  2507 | D:4      | Reached XP level 6. HP: 29/30 MP: 7/7
  2571 | Temple   | Entered the Ecumenical Temple
  2671 | Temple   | Became a worshipper of Warmaster Okawaru
  2773 | D:4      | Reached skill level 10 in Stealth
  3490 | D:5      | Found a hide-covered altar of Uskayaw.
  3490 | D:5      | Noticed a hand axe
  3491 | D:5      | Noticed a hand axe
  3642 | D:5      | Reached skill level 11 in Stealth
  3642 | D:5      | Reached XP level 7. HP: 33/33 MP: 8/8
  3933 | D:5      | Reached * piety under Okawaru
  3981 | D:5      | Found a bloodstained altar of Trog.
  4242 | D:5      | Reached skill level 5 in Throwing
  4704 | D:6      | Reached skill level 12 in Stealth
  4756 | D:6      | Noticed Grinder
  4827 | D:6      | Killed Grinder
  4827 | D:6      | Reached XP level 8. HP: 8/37 MP: 9/9
  5741 | D:7      | Found a radiant altar of Vehumet.
  5828 | D:7      | Reached ** piety under Okawaru
  6336 | D:7      | Found a burning altar of Makhleb.
  6464 | D:7      | Found an ancient bone altar of Kikubaaqudgha.
  6712 | D:7      | Gained mutation: Your flesh is cold resistant. (rC+) [potion of mutation]
  6712 | D:7      | Gained mutation: You have a pair of small horns on your head. [potion of mutation]
  6712 | D:7      | Gained mutation: You have a pair of horns on your head. [potion of mutation]
  6915 | D:7      | Found a hazy altar of Hepliaklqana.
  7037 | D:8      | Reached skill level 13 in Stealth
  7106 | D:8      | Reached XP level 9. HP: 13/41 MP: 10/10
  7206 | D:8      | Noticed Joseph
  7592 | D:8      | Reached *** piety under Okawaru
  7615 | D:8      | Shot with a sling bullet by Joseph

Vault maps used:
D:1:      dpeg_arrival_sounds_slurp, roderic_hopi_sauvastika
D:2:      uniq_jessica
D:3:      first_bread
D:5:      dancing_weapons_uskayaw, basic_altar
D:6:      uniq_grinder
D:7:      kennysheep_mini_moat, lemuel_round_altar, old_standard_altar,
          kennysheep_mini
D:8:      lemuel_round_altar, grunt_livestock, st_stairs_10,
          david_defended_altar_elf, uniq_joseph
Temple:   compressed_dpeg_circular_temple

Skill      XL: |  1  2  3  4  5  6  7  8 |
---------------+-------------------------+-----
Stealth        | 6 7 8 9 11 12 13 | 13.1
Short Blades   | 3 4 |  4.9
Throwing       | 3 6 8 |  8.9
Fighting       | |  1.5
Dodging        | |  1.5

Action                   |  1- 3 |  4- 6 |  7- 9 || total
-------------------------+-------+-------+-------++-------
Melee: Dagger            |   119 |   108 |   139 ||   366
       Punch             |       |       |     2 ||     2
       Short sword       |       |       |     5 ||     5
       Headbutt          |       |       |     5 ||     5
 Fire: Blowgun           |    16 |    54 |   153 ||   223
Throw: Tomahawk          |       |       |    21 ||    21
Invok: Heroism           |       |       |     2 ||     2
Evoke: Wand              |       |       |     8 ||     8
  Use: Scroll            |       |     2 |    15 ||    17
       Potion            |       |       |    11 ||    11
 Stab: Sleeping          |    11 |    26 |    14 ||    51
  Eat: Pizza             |       |       |     2 ||     2
       Fruit             |       |       |     1 ||     1
Armor: Robe              |    22 |     7 |    15 ||    44
Dodge: Dodged            |    93 |    49 |    71 ||   213
